 Dungeon Crawl Stone Soup version 0.27.1-35-g4d5d836560 (webtiles) character file.

Game seed: 3155881287681718760

191 Delamore the Cutter (level 5, -3/34 HPs)
             Began as an Octopode Brigand on Oct 5, 2022.
             Killed by nerve-wracking pain
             ... invoked by Grinder
              (11 damage)
             ... on level 4 of the Dungeon.
             The game lasted 00:04:57 (3325 turns).

Delamore the Cutter (Octopode Brigand)              Turns: 3325, Time: 00:04:58

Health: -3/34      AC:  1    Str: 11    XL:     5   Next: 70%
Magic:  5/5        EV: 17    Int: 13    God:
Gold:   180        SH:  0    Dex: 14    Spells: 1/4 levels left

rFire    . . .     SeeInvis .   a - +2 dagger
rCold    . . .     Faith    .   (no shield)
rNeg     . . .     Spirit   .   (helmet restricted)
rPois    .         Reflect  .   (no amulet)
rElec    .         Harm     .   d - +4 ring of evasion
rCorr    .         Rampage  .   (no ring)
Will     .....                  (no ring)
Stlth    ++++......             (no ring)
HPRegen  0.11/turn              (no ring)
MPRegen  0.09/turn              (no ring)
                                (no ring)
                                (no ring)

@: no status effects
A: almost no armour, amphibious, 8 rings, camouflage 1, gelatinous body 1,
(nimble swimmer 1), tentacles
a: no special abilities


You were on level 4 of the Dungeon.
You visited 1 branch of the dungeon, and saw 4 of its levels.

You collected 180 gold pieces.

Inventory:

Hand Weapons
 a - a +2 dagger (weapon)
Missiles
 b - 15 poisoned darts (quivered)
 k - a throwing net
 n - 53 stones
Jewellery
 d - a +4 ring of evasion (left tentacle)
 l - an amulet of faith
Scrolls
 g - a scroll of noise
 h - a scroll of summoning
 i - a scroll of teleportation
 o - a scroll of silence
Potions
 f - a potion of magic {unknown}
 j - a potion of haste {unknown}
 m - 2 potions of curing {unknown}


   Skills:
 - Level 2.0 Fighting
 * Level 5.7 Short Blades
 - Level 2.0 Throwing
 - Level 1.2 Dodging
 - Level 5.3 Stealth


You had one spell level left.
You knew the following spells:

 Your Spells              Type           Power      Damage    Failure   Level
a - Dazzling Flash        Conj/Hex       0%         N/A       67%         3

Your spell library contained the following spells:

 Spells                   Type           Power      Damage    Failure   Level
 Sublimation of Blood     Necr           0%         N/A       43%         2
 Conjure Flame            Conj/Fire      0%         6-21      67%         3
 Ignite Poison            Fire/Tmut/Pois 0%         N/A       67%         3
 Mephitic Cloud           Conj/Pois/Air  0%         N/A       67%         3
 Iskenderun's Mystic Bla  Conj/Tloc      0%         2d3       97%         4
 Petrify                  Tmut/Erth      0%         N/A       97%         4
 Sticky Flame             Conj/Fire      0%         2d3       97%         4
 Bolt of Magma            Conj/Fire/Erth 0%         4d4       100%        5
 Irradiate                Conj/Tmut      0%         3d13      100%        5
 Starburst                Conj/Fire      0%         6d3       100%        6


Dungeon Overview and Level Annotations

Branches:
Dungeon (4/15)
 Temple: D:4-7

Altars:
Nemelex Xobeh
Vehumet

Annotations:
D:3 2 transporters, Froggeryz's ghost, amateur KoEn
D:4 Grinder


Innate Abilities, Weirdness & Mutations

You cannot wear most types of armour.
You are amphibious.
You can wear up to eight rings at the same time.
Your skin changes colour to match your surroundings (Stealth+).
Your rubbery body absorbs attacks. (AC +1, EV +1)
((You are camouflaged near water. (Stealth+)))
You have tentacles for arms and can constrict up to eight enemies at once.


Message History

Grinder is lightly wounded.
You constrict Grinder. Grinder hits you!
You barely miss Grinder. You squeeze Grinder.
Grinder is moderately wounded.
You constrict Grinder. You barely miss Grinder.
Grinder is moderately wounded.
You constrict Grinder, but do no damage.
Grinder hits you.
You writhe in agony.
* * * LOW HITPOINT WARNING * * *
You feel much better.
You constrict Grinder. Grinder misses you.
You barely miss Grinder.
Grinder is moderately wounded.
You constrict Grinder. Grinder hits you!
You writhe in agony.
You hit Grinder.
Grinder is heavily wounded.
You constrict Grinder. You hit Grinder. Your squeeze misses Grinder.
Grinder is severely wounded.
You constrict Grinder. Grinder gestures at you.
You suddenly lose the ability to move!
You lose your grip on Grinder.
Grinder gestures at you. Pain shoots through your body!
* * * LOW HITPOINT WARNING * * *
Grinder gestures at you. You resist with significant effort.
You can move again.
You closely miss Grinder. Your grab misses Grinder.
Grinder is severely wounded.
Grinder hits you.
* * * LOW HITPOINT WARNING * * *
You writhe in agony.
* * * LOW HITPOINT WARNING * * *
You barely miss Grinder. You grab Grinder. You squeeze Grinder!
Grinder is almost dead.
You constrict Grinder, but do no damage.
Grinder gestures at you. Pain shoots through your body!
You die...

###[...###..
#.##.####...
##.#....##...
#####.....#.)#...
#......##....#...
#)#######........
#(# ##.#..>#.
####5### #.##.#..
#..@(..# #####..#
#.#..#..# ..# #
.#..#.# ..#
...#...# ..# #.#.
#... #.. #. #
#...# #. .... #
...


You could see Grinder.

Vanquished Creatures
  A bullfrog skeleton (D:4)
  Terence (D:2)
  An iguana (D:2)
  2 adders (D:2)
  2 dart slugs
  2 orcs
  8 endoplasms
  4 giant cockroaches
  13 goblins
  6 hobgoblins
  5 jackals
  3 quokkas
  10 ball pythons
  4 bats
  5 frilled lizards
  10 kobolds
  10 rats
87 creatures vanquished.

Notes
Turn   | Place    | Note
-------+----------+-------------------------------------------
     0 | D:1      | Delamore the Octopode Brigand began the quest for the Orb.
     0 | D:1      | Reached XP level 1. HP: 14/14 MP: 1/1
   118 | D:1      | Reached XP level 2. HP: 19/19 MP: 2/2
   550 | D:1      | Reached XP level 3. HP: 24/24 MP: 3/3
  1019 | D:2      | Noticed Terence
  1034 | D:2      | Reached XP level 4. HP: 8/29 MP: 4/4
  1053 | D:2      | Killed Terence
  1446 | D:2      | Found a sparkling altar of Nemelex Xobeh.
  1768 | D:2      | Reached XP level 5. HP: 34/34 MP: 5/5
  1891 | D:2      | Learned a level 3 spell: Dazzling Flash
  1944 | D:3      | Reached skill level 5 in Short Blades
  2505 | D:3      | Identified the +1 great mace "Ralus" {vorpal, rPois Will+
                  | Str+5 Stlth-}
  2505 | D:3      | Noticed an ogre
  2505 | D:3      | Noticed Froggeryz's ghost (amateur KoEn)
  2506 | D:3      | Found a transporter.
  2506 | D:3      | Noticed an ogre
  2507 | D:3      | Found a transporter.
  3173 | D:4      | Found a radiant altar of Vehumet.
  3281 | D:4      | Noticed Grinder
  3303 | D:4      | Paralysed by Grinder for 4 turns
  3321 | D:4      | Paralysed by Grinder for 2 turns
  3325 | D:4      | Killed from afar by Grinder

Illustrated notes

Levels and vault maps discovered:
D:1:      amcnicky_arrival_single_pillar, layout_basic, columned_hall_lemuel,
          minmay_octomino_e4
D:2:      layout_loops_ring, basic_altar, minmay_goblin_kobold_house,
          uniq_terence
D:3:      minmay_razor_zed, layout_basic, gammafunk_ghost_smash,
          kennysheep_generic_room_15
D:4:      layout_cave_pools, lemuel_round_altar, dk_noncrumbling_3,
          corexii_shack, minmay_misc_feat_diagonals, uniq_blork_the_orc,
          uniq_pikel, uniq_grinder, uniq_edmund

Skill      XL: |  1  2  3  4  5 |
---------------+----------------+-----
Short Blades   | 3 4 5 |  5.7
Fighting       | |  2.0
Throwing       | |  2.0
Dodging        | |  1.2
Stealth        | |  5.3

Action                   |  1- 3 |  4- 6 || total
-------------------------+-------+-------++-------
Melee: Dagger            |    49 |   126 ||   175
       Constrict         |    11 |    28 ||    39
       Tentacles         |     3 |    20 ||    23
Throw: Dart              |     2 |     4 ||     6
       Stone             |       |    33 ||    33
  Use: Potion            |       |     2 ||     2
       Scroll            |       |     4 ||     4
 Stab: Sleeping          |    15 |    11 ||    26
       Distracted        |       |     1 ||     1
Armor: Skin              |       |     5 ||     5
Dodge: Dodged            |    19 |    70 ||    89
